 Dungeon Crawl Stone Soup version 0.26-a0-652-gafc20e3620 (webtiles) character file.

Game seed: 595320767846874915

94 Decritt the Chiller (level 4, -2/49 HPs)
             Began as a Merfolk Ice Elementalist on Oct 2, 2020.
             Slain by Sigmund
             ... wielding a +0 scythe
              (10 damage)
             ... on level 2 of the Dungeon.
             The game lasted 00:11:33 (2045 turns).

Decritt the Chiller (Merfolk Ice Elementalist)      Turns: 2045, Time: 00:11:33

Health: -2/49      AC:  6    Str:  8    XL:     4   Next: 63%
Magic:  6/7        EV: 11    Int: 14    God:
Gold:   93         SH:  5    Dex: 15    Spells: 6/7 levels left

rFire    . . .     SeeInvis .   f - +0 spear
rCold    . . .     Faith    .   (no shield)
rNeg     . . .     Spirit   .   j - +0 ring mail
rPois    .         Reflect  +   (no helmet)
rElec    .         Harm     .   a - +0 cloak
rCorr    .         Rampage  .   (no gloves)
MR       .....                  (no boots)
Stlth    ..........             m - amulet of reflection
HPRegen  0.16/turn              l - ring of flight
MPRegen  0.10/turn              (no ring)

@: berserking, very quick
A: change form in water, swift swim, stealthy swim
a: Evoke Flight


You were on level 2 of the Dungeon.
You visited 1 branch of the dungeon, and saw 3 of its levels.

You collected 93 gold pieces.

Inventory:

Hand Weapons
 f - a +0 spear (weapon)
Armour
 a - a +0 cloak (worn)
 j - a +0 ring mail (worn)
Jewellery
 l - a ring of flight (left hand)
 m - an amulet of reflection (around neck)
Scrolls
 b - 2 scrolls of identify {unknown}
 d - 6 scrolls of remove curse {unknown}
 g - a scroll of teleportation {unknown}
 h - a scroll of amnesia {unknown}
 i - a scroll of enchant armour {unknown}
 k - a scroll of enchant weapon {unknown}
Potions
 e - a potion of lignification {unknown}
 n - a potion of curing {unknown}


   Skills:
 + Level 2.0 Fighting
 + Level 1.3 Armour
 + Level 3.8 Dodging
 - Level 2.1 Stealth
 - Level 2.0 Spellcasting
 + Level 4.9 Ice Magic


You had 6 spell levels left.
You knew the following spells:

 Your Spells              Type           Power        Failure   Level
a - Freeze                Ice            ###.         10%         1

Your spell library contained the following spells:

 Spells                   Type           Power        Failure   Level
 Frozen Ramparts          Ice            ###...       28%         3
 Ozocubu's Armour         Ice            ###.....     28%         3
 Hailstorm                Conj/Ice       #.......     95%         4
 Summon Ice Beast         Ice/Summ       #.......     95%         4


Dungeon Overview and Level Annotations

Branches:
Dungeon (3/15)

Altars:

Annotations:
D:2 Sigmund


Message History

You miss something.
You hear some strange, mumbled words.
A puff of flame appears from out of thin air!
The puff of flame hits you.
You miss something.
You hear some strange, mumbled words.
A magic dart appears from out of thin air!
The magic dart hits you.
It was a potion of berserk rage.
A red film seems to cover your vision as you go berserk!
You feel yourself moving faster!
You feel mighty! Something hits you!
* * * LOW HITPOINT WARNING * * *
You closely miss something. You hit something but do no damage.
Something hits you.
* * * LOW HITPOINT WARNING * * *
You miss something. You puncture something!
Something hits you but does no damage.
You closely miss something. You barely miss something. Something hits you!
You die...

##......##.....#
##.##
.....)##########
##...## ####.##
#.###.# #.# #.# #.#
#.# #.###.#
#.#############
#....##
#......#......#
#.####
#....#.#.####.####.#
#.##.#.#.##.{@.....#
#.##....>...#.######
#.####.#†####.#
####......#.####.#
......#####......#
.#.##.# ########
.#.##.# ..#.#.#
.#.##.#


There were no monsters in sight!

Vanquished Creatures
  4 adders (D:2)
  2 dart slugs
  A leopard gecko (D:2)
  5 bats
  2 giant cockroaches (D:2)
  10 hobgoblins
  3 jackals
  10 kobolds
  A ball python (D:2)
  6 goblins
  8 rats
52 creatures vanquished.

Vanquished Creatures (others)
  A kobold (D:3)
1 creature vanquished.

Grand Total: 53 creatures vanquished

Notes
Turn   | Place    | Note
-------+----------+-------------------------------------------
     0 | D:1      | Decritt the Merfolk Ice Elementalist began the quest for
                  | the Orb.
     0 | D:1      | Reached XP level 1. HP: 13/13 MP: 3/3
   154 | D:1      | Reached XP level 2. HP: 15/20 MP: 0/5
   345 | D:1      | Reached skill level 1 in Fighting
   695 | D:1      | Reached XP level 3. HP: 26/26 MP: 6/6
  1023 | D:2      | Reached skill level 1 in Armour
  1283 | D:2      | Reached XP level 4. HP: 32/33 MP: 4/7
  1889 | D:3      | Noticed Sigmund
  2045 | D:2      | Slain by Sigmund

Illustrated notes

Levels and vault maps discovered:
D:1:      giann_bridges, layout_basic, serial_bayou_pond_d
D:2:      layout_loops_cross
D:3:      layout_rooms, uniq_sigmund

Skill      XL: |  1  2  3  4 |
---------------+-------------+-----
Dodging        | 3 |  3.8
Fighting       | 1 2 |  2.0
Armour         | 1 |  1.3
Stealth        | |  2.1
Spellcasting   | |  2.0
Ice Magic      | |  4.9

Action                   |  1- 3 |  4- 6 || total
-------------------------+-------+-------++-------
Melee: Spear             |    54 |    52 ||   106
       Unarmed           |     1 |       ||     1
 Cast: Freeze            |    38 |    19 ||    57
  Use: Potion            |       |     1 ||     1
 Stab: Sleeping          |     8 |     4 ||    12
Armor: Robe              |    12 |       ||    12
       Ring mail         |    16 |    30 ||    46
Dodge: Dodged            |    32 |    35 ||    67
Block: Other             |       |    10 ||    10
       Reflection        |       |     2 ||     2

Table legend: (Time is in decaauts)
 A = Elapsed time spent in this place.
 B = Non-inter-level travel time spent in this place.
 C = Inter-level travel time spent in this place.
 D = Time resting spent in this place.
 E = Time spent auto-exploring this place.
 F = Levels seen in this place.
 G = Mean time per level.
                   A        B        C        D        E       F      G
               +--------+--------+--------+--------+--------+-----+--------+
         Total |   2041 |   2002 |     39 |     88 |   1439 |   3 |  680.3 |
       Dungeon |   2041 |   2002 |     39 |     88 |   1439 |   3 |  680.3 |
               +--------+--------+--------+--------+--------+-----+--------+

Top non-repeatable levels by time:
     D:2: 1137 daAuts
     D:1: 854 daAuts
     D:3: 50 daAuts
